 Dungeon Crawl Stone Soup version 0.30.1-4-g462c640d31 (webtiles) character file.

Game seed: 9271680957943795625

2770 safid the Frost Mage (level 9, -3/74 HPs)
             Began as a Merfolk Ice Elementalist on Sept 1, 2023.
             Was an Initiate of Vehumet.
             Shot with an arrow by something (10 damage)
             ... on level 7 of the Dungeon.
             The game lasted 00:13:03 (7655 turns).

safid the Frost Mage (Merfolk Ice Elementalist)     Turns: 7655, Time: 00:13:04

Health: -3/74      AC:  4    Str:  8    XL:     9   Next: 69%
Magic:  18/19      EV: 12    Int: 19    God:    Vehumet [......]
Gold:   351        SH:  0    Dex: 14    Spells: 15/22 levels left

rFire   . . .        c - +3 halberd
rCold   . . .        (shield currently unavailable)
rNeg    . . .        a - +0 robe
rPois   .            (no helmet)
rElec   .            (no cloak)
rCorr   .            e - +0 pair of gloves
SInv    .            g - +0 pair of boots
Will    .....        (no amulet)
Stlth   ++           (no ring)
HPRegen 0.32/turn    (no ring)
MPRegen 0.16/turn

%: no passive effects
@: marked, studying Shields
A: (nimble swimmer 2), mertail
a: Renounce Religion


You were on level 7 of the Dungeon.
You worshipped Vehumet.
Vehumet was noncommittal.
You visited 2 branches of the dungeon, and saw 8 of its levels.

You collected 351 gold pieces.

Inventory:

Hand Weapons
 c - a +3 halberd (weapon)
Missiles
 E - a curare-tipped dart
Armour
 a - a +0 robe (worn)
 e - a +0 pair of gloves (worn)
 g - a +0 pair of boots (worn)
Wands
 p - a wand of paralysis (6)
 q - a wand of flame (7)
 t - a wand of mindburst (4)
Scrolls
 d - 3 scrolls of fear
 f - a scroll of teleportation {unknown}
 h - a scroll of torment {unknown}
 i - a scroll of summoning {unknown}
 m - a scroll of brand weapon {unknown}
 n - a scroll of poison {unknown}
 r - a scroll of magic mapping {unknown}
 s - 2 scrolls of noise {unknown}
 w - 2 scrolls of amnesia
 x - 2 scrolls of fog
 y - a scroll of enchant armour {unknown}
 z - a scroll of acquirement {unknown}
 B - a scroll of immolation {unknown}
 C - a scroll of blinking {unknown}
 D - a scroll of silence {unknown}
Potions
 b - 2 potions of magic
 j - 3 potions of curing
 k - 3 potions of heal wounds
 l - 3 potions of haste {unknown}
 o - a potion of degeneration {unknown}
 u - a potion of berserk rage {unknown}
 v - 2 potions of flight {unknown}
 A - 2 potions of lignification {unknown}
 F - a potion of brilliance {unknown}


   Skills:
 + Level 8.2 Fighting
 - Level 2.6 Dodging
 - Level 2.1 Stealth
 + Level 7.1 Spellcasting
 + Level 9.3 Ice Magic


You had 15 spell levels left.
You knew the following spells:

 Your Spells              Type           Power      Damage    Failure   Level
a - Freeze                Ice            100%       1d10      1%          1
b - Frozen Ramparts       Ice            84%        1d13      1%          3
c - Ozocubu's Armour      Ice            42%        N/A       1%          3

Your spell library contained the following spells:

 Spells                   Type           Power      Damage    Failure   Level
 Ensorcelled Hibernation  Hex/Ice        48%        N/A       2%          2
 Foxfire                  Conj/Fire      24%        2x1d5     10%         1
 Kiss of Death            Conj/Necr      24%        2d7       10%         1
 Slow                     Hex            24%        N/A       10%         1
 Summon Ice Beast         Ice/Summ       24%        N/A       14%         4
 Blink                    Tloc           12%        N/A       16%         2
 Lesser Beckoning         Tloc           12%        N/A       16%         2
 Momentum Strike          Conj/Tloc      12%        3d8       16%         2
 Passwall                 Tmut/Erth      5%         N/A       16%         2
 Sublimation of Blood     Necr           6%         N/A       16%         2
 Wereblood                Tmut           6%         N/A       16%         2
 Confusing Touch          Hex            6%         N/A       30%         3
 Swiftness                Air            6%         N/A       30%         3
 Vampiric Draining        Necr           6%         2d6       30%         3
 Dispel Undead            Necr           6%         3d8       69%         4
 Summon Hydra             Summ           3%         N/A       100%        7


Dungeon Overview and Level Annotations

Branches:
Dungeon (7/15)             Temple (1/1) D:6

Altars:
Ashenzari
Cheibriados
Elyvilon
Gozag
Hepliaklqana
Kikubaaqudgha
Makhleb
Nemelex Xobeh
Okawaru
Qazlal
Ru
Sif Muna
Trog
Uskayaw
Vehumet
Wu Jian
Yredelemnul
The Shining One

Portals:
Abyss: D:3

Annotations:
D:3 2 transporters, Sigmund; spardeous's ghost, amateur DjCj


Innate Abilities, Weirdness & Mutations

((You are very nimble when in or above water. (Stealth+, EV+, Speed+++)))
Your lower body shifts to a powerful aquatic tail in water.


Message History

You puncture the ice beast!
The ice beast is almost dead.
The centaur shoots an arrow.
The arrow hits you!
The ice beast hits you but does no damage.
The centaur shoots an arrow.
The arrow barely misses you.
You hit the ice beast.
The ice beast is almost dead.
The centaur drinks a potion.
The centaur flickers and vanishes!
Deactivating autopickup; reactivate with Ctrl-A.
The ice beast closely misses you.
An arrow appears from out of thin air!
The arrow hits you but does no damage.
The ice beast hits you but does no damage.
You barely miss the ice beast.
The ice beast is almost dead.
You hear a bow twang.
An arrow appears from out of thin air!
The arrow hits you. The ice beast misses you.
Unknown command.
You hit the ice beast but do no damage.
The ice beast is almost dead.
You hear a bow twang.
An arrow appears from out of thin air!
The arrow barely misses you.
The arrow hits the ice beast!
The ice beast dies!
You hear a bow twang.
An arrow appears from out of thin air!
The arrow hits you!
You hear a bow twang.
An arrow appears from out of thin air!
The arrow hits you.
Your icy armour cracks and falls away as you move.
You hear a bow twang.
An arrow appears from out of thin air!
The arrow hits you.
You hear a bow twang.
An arrow appears from out of thin air!
The arrow hits you!
* * * LOW HITPOINT WARNING * * *
You hear a bow twang.
An arrow appears from out of thin air!
The arrow hits you!
* * * LOW HITPOINT WARNING * * *
You hear a bow twang.
An arrow appears from out of thin air!
The arrow hits you!
You die...

### ####### ...<#...$.##
...........## ............#
............#
......>.....#####
..........@.....########
.............).........####
......>.........######.....
....#.......>...##########.
#####.####.............##..
#.# #.............##.#
####.## #................#
#.....###..............###
#.....#...............##


There were no monsters in sight!

Vanquished Creatures
  A water moccasin (D:5)
  2 orc warriors
  A black bear (D:5)
  5 ogres
  2 bullfrogs
  A kobold brigand (D:7)
  4 scorpions
  7 wights
  6 killer bees (D:7)
  2 howler monkeys
  A jelly (D:4)
  4 orc priests
  2 sleepcaps
  Terence (D:3)
  Natasha (thrice) (D:2)
  An iguana (D:4)
  9 orc wizards
  8 adders
  A shadow imp (D:5)
  3 white imps (D:6)
  2 ufetubi
  3 worms
  6 dart slugs
  13 orcs
  8 endoplasms
  3 giant cockroaches
  11 goblins
  6 hobgoblins
  3 quokkas
  4 ball pythons
  3 bats
  3 frilled lizards
  9 kobolds
  6 rats
144 creatures vanquished.

Vanquished Creatures (others)
  An ice beast (D:7)
1 creature vanquished.

Grand Total: 145 creatures vanquished

Notes
Turn   | Place    | Note
-------+----------+-------------------------------------------
     0 | D:1      | safid the Merfolk Ice Elementalist began the quest for the
                  | Orb.
     0 | D:1      | Reached XP level 1. HP: 13/13 MP: 3/3
   214 | D:1      | Reached XP level 2. HP: 20/20 MP: 3/5
   279 | D:1      | Reached skill level 1 in Fighting
   735 | D:1      | Found a faded altar of an unknown god.
   790 | D:2      | Reached XP level 3. HP: 24/26 MP: 4/6
   794 | D:2      | Learned a level 3 spell: Frozen Ramparts
  1122 | D:2      | Reached XP level 4. HP: 28/33 MP: 6/8
  1124 | D:2      | Noticed Natasha
  1127 | D:2      | Reached skill level 5 in Ice Magic
  1194 | D:2      | Killed Natasha
  1562 | D:2      | Noticed Natasha
  1568 | D:2      | Killed Natasha
  1569 | D:2      | Reached XP level 5. HP: 32/39 MP: 2/9
  1573 | D:2      | Learned a level 3 spell: Ozocubu's Armour
  1621 | D:2      | Noticed Natasha
  1660 | D:3      | Found a white marble altar of Elyvilon.
  1802 | D:3      | Noticed Sigmund
  1829 | D:3      | Found an ornate altar of the Wu Jian Council.
  1903 | D:3      | Noticed Terence
  1916 | D:3      | Killed Terence
  2034 | D:3      | Found a transporter.
  2039 | D:3      | Noticed spardeous's ghost (amateur DjCj)
  2337 | D:2      | Killed Natasha
  2451 | D:3      | Noticed a kobold brigand
  2474 | D:3      | Reached XP level 6. HP: 24/47 MP: 5/11
  2565 | D:3      | Found a transporter.
  2654 | D:3      | Noticed a small abomination
  2656 | D:3      | Found a one-way gate to the infinite horrors of the Abyss.
  3208 | D:4      | Found a shimmering blue altar of Sif Muna.
  3219 | D:4      | Reached skill level 6 in Ice Magic
  3237 | D:4      | Reached XP level 7. HP: 32/54 MP: 2/13
  3467 | D:4      | Found a sacrificial altar of Ru.
  3753 | D:4      | Found a basalt altar of Yredelemnul.
  3998 | D:4      | Got Sif Muna's Disquisition on Attacks
  4032 | D:5      | Entered Level 5 of the Dungeon
  4151 | D:5      | Reached skill level 5 in Fighting
  4485 | D:5      | Reached skill level 7 in Ice Magic
  4485 | D:5      | Reached XP level 8. HP: 61/62 MP: 8/15
  4637 | D:5      | Reached skill level 5 in Spellcasting
  5284 | D:6      | Found an iron altar of Okawaru.
  5302 | D:6      | Reached skill level 8 in Ice Magic
  5647 | D:6      | Reached XP level 9. HP: 25/67 MP: 12/18
  5962 | D:6      | Found a staircase to the Ecumenical Temple.
  6063 | Temple   | Entered the Ecumenical Temple
  6076 | Temple   | Became a worshipper of Vehumet
  7118 | D:7      | Reached skill level 9 in Ice Magic
  7655 | D:7      | Shot with an arrow by something

Illustrated notes

Levels and vault maps discovered:
D:1:      enne_arrival_octagon_isle, layout_loops_ring,
          hellmonk_ecumenical_altar_leap_of_faith
D:2:      layout_loops_ring, uniq_natasha
D:3:      layout_loops_ring, mainiacjoe_overflow_catwalk,
          mainiacjoe_overflow_paths, gammafunk_ghost_abyssal_escape,
          chequers_serial_rivers_small_a, ebering_dispersal_statue_hall,
          kennysheep_generic_room_7, uniq_terence, uniq_sigmund
D:4:      layout_loops_ring, lemuel_tele_altar, led_sif_book,
          mainiacjoe_overflow_concentric_impassable
D:5:      layout_loops_cross
D:6:      layout_layer_cave, okawaru_gym_becter, minmay_temple_entry_ruins
D:7:      layout_rooms
Temple:   nicolae_temple_no_exploring_needed

Skill      XL: |  1  2  3  4  5  6  7  8  9 |
---------------+----------------------------+-----
Fighting       | 1 2 3 4 5 6 8 |  8.2
Ice Magic      | 5 6 7 8 9 |  9.3
Spellcasting   | 3 4 6 7 |  7.1
Dodging        | |  2.6
Stealth        | |  2.1

Action                     |  1- 3 |  4- 6 |  7- 9 || total
---------------------------+-------+-------+-------++-------
  Melee: Unarmed           |     4 |       |       ||     4
         Long sword        |    37 |    92 |    81 ||   210
         Punch             |       |       |     1 ||     1
         Halberd           |       |       |    48 ||    48
   Cast: Freeze            |    22 |    16 |     4 ||    42
         Frozen Ramparts   |       |    13 |    39 ||    52
         Ozocubu's Armour  |       |     6 |    23 ||    29
    Use: Scroll            |       |       |     5 ||     5
         Potion            |       |       |     1 ||     1
   Stab: Sleeping          |     2 |     1 |       ||     3
 Armour: Robe              |    16 |    51 |    49 ||   116
  Dodge: Dodged            |    37 |    79 |   107 ||   223
